 Dungeon Crawl Stone Soup version 0.29-a0-1027-gcd8c55af63 (webtiles) character file.

Game seed: 15032182898281098045

7 DungeonMaster the Covered (level 1, 0/14 HPs)
             Began as a Demonspawn Wanderer on Aug 13, 2022.
             Slain by an endoplasm (1 damage)
             ... on level 1 of the Dungeon.
             The game lasted 00:00:58 (358 turns).

DungeonMaster the Covered (Demonspawn Wanderer)      Turns: 358, Time: 00:00:59

Health: 0/14       AC:  5    Str: 13    XL:     1   Next: 83%
Magic:  2/2        EV: 10    Int: 15    God:
Gold:   24         SH:  0    Dex:  9    Spells: 1/2 levels left

rFire   . . .      SeeInvis .   a - +2 dagger
rCold   . . .      Faith    .   (no shield)
rNeg    . . .      Spirit   .   c - +0 ring mail
rPois   .          Reflect  .   (no helmet)
rElec   .          Harm     .   (no cloak)
rCorr   .          Rampage  .   (no gloves)
Will    .....                   (no boots)
Stlth   +.........              (no amulet)
HPRegen 0.04/turn               (no ring)
MPRegen 0.08/turn               (no ring)

@: no status effects
A: no striking features
a: no special abilities


You were on level 1 of the Dungeon.
You visited 1 branch of the dungeon, and saw 1 of its levels.

You collected 24 gold pieces.

Inventory:

Hand Weapons
 a - a +2 dagger (weapon)
 e - a +0 hand axe
Missiles
 d - 5 stones
Armour
 c - a +0 ring mail (worn)
Scrolls
 b - 2 scrolls of blinking
Potions
 f - a potion of attraction {unknown}
 g - a potion of ambrosia {unknown}


   Skills:
 * Level 0.4 Fighting
 * Level 3.7 Armour
 * Level 0.4 Dodging
 - Level 3.6 Stealth
 * Level 1.2 Spellcasting
 - Level 1.0 Poison Magic


You had one spell level left.
You knew the following spells:

 Your Spells              Type           Power      Damage    Failure   Level
a - Sting                 Tmut/Pois      8%         1d3       38%         1

Your spell library contained the following spells:

 Spells                   Type           Power      Damage    Failure   Level
 Mephitic Cloud           Conj/Pois/Air  1%         N/A       78%         3
 Freezing Cloud           Conj/Ice/Air   0%         6-21      100%        5
 Simulacrum               Ice/Necr       0%         N/A       100%        6
 Polar Vortex             Ice            0%         N/A       100%        9


Dungeon Overview and Level Annotations

Branches:
Dungeon (1/15)

Altars:


Message History

No target in view!
You open the door.
There is an open door here.
A dart slug comes into view.
The helpless dart slug fails to defend itself.
You puncture the dart slug!
You kill the dart slug!
No target in view!
No target in view!
No target in view!
No target in view!
No target in view!
No target in view!
No target in view!
No target in view!
No target in view!
No target in view!
There is an open door here.
As you open the door, it creaks loudly!
There is an open door here.
g - a cyan potion An endoplasm comes into view.
The endoplasm quivers.
The endoplasm hits you.
You hit the endoplasm.
The endoplasm is lightly wounded.
The endoplasm freezes you.
You are frozen.
You hit the endoplasm but do no damage.
The endoplasm is lightly wounded.
The endoplasm freezes you.
You are frozen.
* * * LOW HITPOINT WARNING * * *
You hit the endoplasm but do no damage.
The endoplasm is lightly wounded.
The endoplasm hits you but does no damage.
You hit the endoplasm but do no damage.
The endoplasm is lightly wounded.
The endoplasm hits you.
You die...

#####............#.#
##.........#.#.#
##.#...#......#
#.#...####.###
#.#...# #.#######
#+##### #.......#
#.#####.≈ #.## #@.#
#J..# .......
##.......~ ........~
.##.###.~ . .# .≈ #.
.#


You could see an endoplasm.

Vanquished Creatures
  A dart slug (D:1)
  2 hobgoblins (D:1)
  A bat (D:1)
  A frilled lizard (D:1)
5 creatures vanquished.

Notes
Turn   | Place    | Note
-------+----------+-------------------------------------------
     0 | D:1      | DungeonMaster the Demonspawn Wanderer began the quest for
                  | the Orb.
     0 | D:1      | DungeonMaster set off with the following items: a +2
                  | dagger, 2 scrolls of blinking, a +0 ring mail; and the
                  | following spell memorised: Sting; and the following spells
                  | available to memorise: Mephitic Cloud.
     0 | D:1      | Reached XP level 1. HP: 13/13 MP: 2/2
   160 | D:1      | Found a faded altar of an unknown god.
   358 | D:1      | Slain by an endoplasm

Illustrated notes

Levels and vault maps discovered:
D:1:      wander_arrival_fairy_ring, layout_loops_corners,
          hellmonk_ecumenical_altar_leap_of_faith, minmay_crystal_water

Action                   || total
-------------------------++-------
Melee: Dagger            ||    11
 Stab: Sleeping          ||     2
Armor: Ring mail         ||     3
Dodge: Dodged            ||     3

Table legend: (Time is in decaauts)
 A = Elapsed time spent in this place.
 B = Non-inter-level travel time spent in this place.
 C = Inter-level travel time spent in this place.
 D = Time resting spent in this place.
 E = Time spent auto-exploring this place.
 F = Levels seen in this place.
 G = Mean time per level.
                   A        B        C        D        E       F      G
               +--------+--------+--------+--------+--------+-----+--------+
         Total |    358 |    358 |      0 |      0 |    319 |   1 |  358.0 |
       Dungeon |    358 |    358 |      0 |      0 |    319 |   1 |  358.0 |
               +--------+--------+--------+--------+--------+-----+--------+

Top non-repeatable levels by time:
     D:1: 358 daAuts
